 Dungeon Crawl Stone Soup version 0.31-a0-117-g42d8f58691 (webtiles) character file.

Game seed: 4461484566904899796

16 Gargoyl the Trooper (level 2, 0/19 HPs)
             Began as a Gargoyle Berserker on May 31, 2023.
             Was a Follower of Trog.
             Slain by a gnoll
             ... wielding a +0 spear
              (7 damage)
             ... on level 2 of the Dungeon.
             The game lasted 00:01:04 (1015 turns).

Gargoyl the Trooper (Gargoyle Berserker)            Turns: 1015, Time: 00:01:05

Health: 0/19       AC: 13    Str: 20    XL:     2   Next: 58%
Magic:  2/2        EV:  6    Int:  7    God:    Trog [*.....]
Gold:   77         SH:  0    Dex:  9    Spells: 1/1 levels left

rFire   . . .        a - +0 hand axe
rCold   . . .        (no shield)
rNeg    + . .        e - +0 plate armour
rPois   ∞            (no helmet)
rElec   +            (no cloak)
rCorr   .            (no gloves)
SInv    .            (no boots)
Will    .....        (no amulet) Stlth
                     (no ring)
HPRegen 0.23/turn    (no ring)
MPRegen 0.08/turn

%: no passive effects
@: no status effects
A: sickness immunity, AC +2, negative energy resistance 1, electricity
resistance, torment resistance 1, petrification resistance
a: Renounce Religion, Berserk


You were on level 2 of the Dungeon.
You worshipped Trog.
Trog was aware of your devotion.
You visited 1 branch of the dungeon, and saw 2 of its levels.

You collected 77 gold pieces.

Inventory:

Hand Weapons
 a - a +0 hand axe (weapon)
Armour
 e - a +0 plate armour (worn)
Jewellery
 c - an amulet of reflection
Potions
 b - 2 potions of curing {unknown}
 d - a potion of invisibility {unknown}
 f - a potion of degeneration {unknown}
 g - a potion of lignification {unknown}
 h - 2 potions of might {unknown}
 j - a potion of ambrosia {unknown}


   Skills:
 + Level 3.5 Fighting
 * Level 3.1 Axes
 * Level 2.3 Armour
 * Level 1.8 Dodging


You had one spell level left.
You didn't know any spells.
Your spell library was empty.

Dungeon Overview and Level Annotations

Branches:
Dungeon (2/15)

Altars:


Innate Abilities, Weirdness & Mutations

You are immune to sickness and miasma.
Your stone body is resilient. (AC +2)
You are immune to poison.
You resist negative energy. (rN+)
You are resistant to electric shocks. (rElec)
You are resistant to unholy torment.
You are immune to petrification.


Message History

As you open the gate, it creaks loudly!
An endoplasm comes into view.
The endoplasm quivers.
You hear a shout!
A rat comes into view.
There is an open gate here.
You hit the endoplasm.
The endoplasm is moderately wounded.
The endoplasm barely misses you.
You slash the endoplasm!
You kill the endoplasm!
Trog accepts your kill.
You hit the rat.
You kill the rat!
Trog accepts your kill.
You see here a rat corpse.
Found 6 stones. 2 gnolls come into view.
The gnoll shouts!
The gnoll moves out of view.
A gnoll is nearby!
A gnoll comes into view. It is wielding a +0 flail.
The gnoll hits you but does no damage. x2
A gnoll comes into view. It is wielding a +0 whip.
You fail to use your ability.
The gnoll shouts!
The gnoll hits you but does no damage.
You hit the gnoll but do no damage.
An adder comes into view.
The gnoll hits you with a +0 flail. The gnoll hits you but does no damage.
You barely miss the gnoll.
The adder hisses angrily.
The gnoll hits you from afar with a +0 spear.
You closely miss the gnoll. The gnoll hits you with a +0 flail.
The gnoll hits you but does no damage.
A worm comes into view.
You hit the gnoll.
The gnoll is heavily wounded.
The gnoll hits you from afar with a +0 spear!
You die...

###'''###...##########
##≈≈..†≈≈###.#.........
##≈≈#...#≈≈##.#.#######.
#≈≈#.#.#.#≈≈##..# ####(
≈≈#...#...#≈≈##.# ##....
≈#.#.#.#.#.#≈≈#####...).
#...#.#.#...#≈≈ #.......
.#.#.#.#.#(#.#≈ ###....#
..#...#@..#...# ......#
.#.#.#g#.#.#.#.≈#.#....#
.#.#g#.#.#.#..≈#>...###
.#g# # #.#.#.≈##.###


#Sg #...#≈##. #.# #.#≈≈##. #.w #≈≈# ≈# ≈# You could see a worm, 4 gnolls and an
adder.

Vanquished Creatures
  A dart slug (D:1)
  A bat (D:1)
  2 endoplasms (D:2)
  A giant cockroach (D:1)
  2 jackals (D:2)
  A kobold (D:1)
  A ball python (D:1)
  A frilled lizard (D:1)
  4 rats
14 creatures vanquished.

Notes
Turn   | Place    | Note
-------+----------+-------------------------------------------
     0 | D:1      | Gargoyl the Gargoyle Berserker began the quest for the Orb.
     0 | D:1      | Reached XP level 1. HP: 14/14 MP: 1/1
   299 | D:1      | Reached XP level 2. HP: 19/19 MP: 2/2
   612 | D:1      | Found a faded altar of an unknown god.
  1015 | D:2      | Slain by a gnoll

Illustrated notes

Levels and vault maps discovered:
D:1:      lemuel_arrival_hallway, layout_loops_ring,
          shapermc_ecumenical_altar_hornbeckon, chequers_mini_garden,
          grunt_decor_one_mirror, hangedman_decor_opposing, dk_noncrumbling_4
D:2:      layout_basic, kennysheep_cluttered_room, uniq_sigmund

Skill      XL: |  1  2 |
---------------+-------+-----
Axes           | 3 |  3.1
Fighting       | |  3.5
Armour         | |  2.3
Dodging        | |  1.8

Action                     || total
---------------------------++-------
  Melee: Hand axe          ||    44
    Use: Scroll            ||     2
 Armour: Plate armour      ||    28
         Animal skin       ||     3
         Chain mail        ||     2
  Dodge: Dodged            ||    14

Table legend: (Time is in decaauts)
 A = Elapsed time spent in this place.
 B = Non-inter-level travel time spent in this place.
 C = Inter-level travel time spent in this place.
 D = Time resting spent in this place.
 E = Time spent auto-exploring this place.
 F = Levels seen in this place.
 G = Mean time per level.
                   A        B        C        D        E       F      G
               +--------+--------+--------+--------+--------+-----+--------+
         Total |   1027 |   1010 |     17 |      0 |    804 |   2 |  513.5 |
       Dungeon |   1027 |   1010 |     17 |      0 |    804 |   2 |  513.5 |
               +--------+--------+--------+--------+--------+-----+--------+

Top non-repeatable levels by time:
     D:1: 885 daAuts
     D:2: 142 daAuts
